 Dungeon Crawl Stone Soup version 0.28.0-53-g5a82cb258f (webtiles) character file.

Game seed: 3286511934380710391

296 GanhBanh the Chopper (level 6, -4/56 HPs)
             Began as a Minotaur Fighter on June 17, 2022.
             Slain by a gnoll
             ... wielding a +0 spear
              (8 damage)
             ... on level 4 of the Dungeon.
             The game lasted 00:15:09 (3345 turns).

GanhBanh the Chopper (Minotaur Fighter)             Turns: 3345, Time: 00:15:10

Health: -4/56      AC:  8    Str: 22    XL:     6   Next: 12%
Magic:  5/5        EV:  9    Int:  5    God:
Gold:   164        SH:  4    Dex: 10    Spells: 5/5 levels left

rFire   . . .      SeeInvis .   a - +0 war axe
rCold   . . .      Faith    .   c - +0 buckler
rNeg    . . .      Spirit   .   b - +0 scale mail
rPois   .          Reflect  .   (helmet restricted)
rElec   .          Harm     .   g - +0 cloak
rCorr   .          Rampage  .   (no gloves)
Will    .....                   (no boots)
Stlth   ..........              (no amulet)
HPRegen 0.18/turn               (no ring)
MPRegen 0.09/turn               (no ring)

@: on berserk cooldown, slowed, very slow
A: horns 2, retaliatory headbutt
a: no special abilities


You were on level 4 of the Dungeon.
You visited 1 branch of the dungeon, and saw 4 of its levels.

You collected 164 gold pieces.

Inventory:

Hand Weapons
 a - a +0 war axe (weapon)
 e - a +0 flail
Armour
 b - a +0 scale mail (worn)
 c - a +0 buckler (worn)
 g - a +0 cloak (worn)
Scrolls
 h - 2 scrolls of holy word {unknown}
 i - a scroll of amnesia {unknown}
 l - a scroll of fear {unknown}
 m - 2 scrolls of identify {unknown}
 o - 2 scrolls of summoning {unknown}
 p - a scroll of brand weapon {unknown}
Potions
 d - 2 potions of ambrosia {unknown}
 f - a potion of lignification
 k - a potion of mutation {unknown}
 n - a potion of flight {unknown}


   Skills:
 * Level 5.0 Fighting
 * Level 5.3 Axes
 + Level 5.1 Armour
 + Level 0.2 Stealth
 + Level 4.4 Shields


You had 5 spell levels left.
You didn't know any spells.
Your spell library contained the following spells:

 Spells                   Type           Power      Damage    Failure   Level
 Foxfire                  Conj/Fire      0%         2x1d4     86%         1
 Conjure Flame            Conj/Fire      0%         6-21      99%         3
 Frozen Ramparts          Ice            0%         1d2       99%         3
 Inner Flame              Hex/Fire       0%         N/A       99%         3
 Flame Wave               Conj/Fire      0%         2d4       100%        4
 Ice Form                 Ice/Tmut       0%         N/A       100%        4
 Summon Ice Beast         Ice/Summ       0%         N/A       100%        4
 Borgnjor's Revivificati  Necr           0%         N/A       100%        8
 Necromutation            Tmut/Necr      0%         N/A       100%        8
 Death's Door             Necr           0%         N/A       100%        9


Dungeon Overview and Level Annotations

Branches:
Dungeon (4/15)
 Temple: D:4-7

Altars:
Qazlal
Yredelemnul

Annotations:
D:3 2 transporters, kalagan's ghost, amateur DECj
D:4 1 runed translucent door, fleshgolem's ghost, amateur DrTm


Innate Abilities, Weirdness & Mutations

You have a pair of horns on your head.
You reflexively headbutt those who attack you in melee.


Message History

The gnoll hits you from afar with a +0 halberd!
The gnoll barely misses you.
You hit the gnoll but do no damage.
The gnoll is severely wounded.
The gnoll hits you from afar with a +0 halberd!
The gnoll barely misses you.
The gnoll hits you from afar with a +0 halberd!
* * * LOW HITPOINT WARNING * * *
A red film seems to cover your vision as you go berserk!
You feel yourself moving faster!
You feel mighty! You block the gnoll's attack.
The gnoll hits you but does no damage.
You are too injured to fight recklessly!
You are too injured to fight recklessly!
There are monsters nearby!
You barely miss the gnoll. Your headbutt misses the gnoll.
The gnoll is severely wounded.
You barely miss the gnoll. You headbutt the gnoll.
You kill the gnoll!
The gnoll hits you from afar with a +0 halberd!
* * * LOW HITPOINT WARNING * * *
You block the gnoll's attack.
Things that are here:
a +0 flail; a gnoll corpse You slice the gnoll!!
You kill the gnoll!
You see here a +0 halberd.
You feel a strong urge to attack something.
The gnoll shouts!
You are no longer berserk.
You are exhausted.
You feel yourself slow down.
You see here a +0 halberd.
Things that are here:
a +0 flail; a gnoll corpse
m - 2 scrolls labelled NIS HEMYCKIWN (gained 1)
You see here a +0 flail.
The gnoll hits you from afar with a +0 spear.
* * * LOW HITPOINT WARNING * * *
The gnoll hits you from afar with a +0 spear!
You die...

#################################
...)))........g.@................
≈♣≈♣#############################
P≈≈≈♣# ≈≈P≈≈≈ ≈≈≈≈≈≈ ######
....... #..... ≈≈≈Pg♣.. #.####
≈≈≈≈≈#### #.# #.# ≈≈≈♣...# #.#
#.#


You could see a gnoll.

Vanquished Creatures
  An ogre (D:4)
  A kobold brigand (D:3)
  3 adders
  4 gnolls
  A worm (D:4)
  2 dart slugs
  3 orcs (D:4)
  7 ball pythons
  4 endoplasms
  3 giant cockroaches
  5 goblins
  9 hobgoblins
  6 jackals
  11 kobolds
  3 quokkas
  4 bats (D:1)
  4 frilled lizards
  2 rats
73 creatures vanquished.

Vanquished Creatures (others)
  16 plants (D:4)
16 creatures vanquished.

Grand Total: 89 creatures vanquished

Notes
Turn   | Place    | Note
-------+----------+-------------------------------------------
     0 | D:1      | GanhBanh the Minotaur Fighter began the quest for the Orb.
     0 | D:1      | Reached XP level 1. HP: 19/19 MP: 0/0
     2 | D:1      | Noticed a spriggan
     2 | D:1      | Noticed an elf
     4 | D:1      | Noticed a gargoyle
     4 | D:1      | Noticed a demonspawn
     6 | D:1      | Noticed a felid
     8 | D:1      | Noticed a demigod
     8 | D:1      | Noticed a vampire
    10 | D:1      | Noticed an ogre
    12 | D:1      | Noticed a merfolk
    14 | D:1      | Noticed a human
    14 | D:1      | Noticed a tengu
    16 | D:1      | Noticed a naga
    18 | D:1      | Noticed a troll
    20 | D:1      | Noticed a formicid
    20 | D:1      | Noticed a draconian
    22 | D:1      | Noticed a vine stalker
    22 | D:1      | Noticed a dwarf
    24 | D:1      | Noticed an octopode
    24 | D:1      | Noticed a minotaur
    26 | D:1      | Noticed a ghoul
    90 | D:1      | Reached XP level 2. HP: 26/27 MP: 1/1
   221 | D:1      | Reached XP level 3. HP: 32/33 MP: 2/2
  1387 | D:3      | Found a transporter.
  1390 | D:3      | Noticed kalagan's ghost (amateur DECj)
  1480 | D:3      | Found a transporter.
  1574 | D:3      | Reached XP level 4. HP: 39/41 MP: 3/3
  1658 | D:3      | Noticed a kobold brigand
  1675 | D:3      | Killed a kobold brigand
  1676 | D:3      | Reached XP level 5. HP: 11/47 MP: 4/4
  2670 | D:4      | Noticed fleshgolem's ghost (amateur DrTm)
  2672 | D:4      | Found a runed translucent door.
  3115 | D:4      | Noticed an ogre
  3126 | D:4      | Killed an ogre
  3127 | D:4      | Reached skill level 5 in Fighting
  3127 | D:4      | Reached skill level 5 in Axes
  3127 | D:4      | Reached skill level 5 in Armour
  3152 | D:4      | Reached XP level 6. HP: 56/56 MP: 5/5
  3155 | D:4      | Found a stormy altar of Qazlal.
  3157 | D:4      | Found a basalt altar of Yredelemnul.
  3345 | D:4      | Slain by a gnoll

Illustrated notes

Levels and vault maps discovered:
D:1:      kb_arrival_jail, layout_rooms
D:2:      layout_loops_cross
D:3:      cheibrodos_thug_alley, layout_basic, gammafunk_ghost_arena
D:4:      layout_basic, lemuel_tele_altar, mainiacjoe_overflow_catwalk_spiral,
          hellmonk_ghost_happy_afterlife, serial_bayou_lagoon_b, uniq_menkaure

Skill      XL: |  1  2  3  4  5 |
---------------+----------------+-----
Armour         | 4 5 |  5.1
Shields        | 4 |  4.4
Fighting       | 4 5 |  5.0
Axes           | 3 4 5 |  5.3
Stealth        | |  0.2

Action                   |  1- 3 |  4- 6 || total
-------------------------+-------+-------++-------
Melee: War axe           |    74 |    72 ||   146
       Headbutt          |     7 |     8 ||    15
  Use: Potion            |       |     7 ||     7
 Stab: Distracted        |       |     1 ||     1
Armor: Scale mail        |    35 |    16 ||    51
       Skin              |       |     7 ||     7
Dodge: Dodged            |    40 |    31 ||    71
Block: Buckler           |    21 |    23 ||    44
